 Dungeon Crawl Stone Soup version 0.18.1-48-g4cf74bf (webtiles) character file.

749 Pallaptink the Ducker (level 7, -5/50 HPs)
             Began as a Demonspawn Ice Elementalist on July 10, 2016.
             Was a Follower of Nemelex Xobeh.
             Slain by a gnoll
             ... wielding a +0 whip
              (8 damage)
             ... on level 5 of the Dungeon.
             The game lasted 00:40:50 (4043 turns).

Pallaptink the Ducker (Demonspawn Ice Elementalist) Turns: 4043, Time: 00:40:51

Health: -5/50      AC:  6    Str:  9    XL:     7   Next: 48%
Magic:  13/13      EV: 14    Int: 18    God:    Nemelex Xobeh [*.....]
Gold:   144        SH:  0    Dex: 13    Spells: 2 memorised, 10 levels left

rFire  . . .     SeeInvis .     s - +2 dagger (flame)
rCold  . . .     Gourm    .     a - +0 robe
rNeg   . . .     Faith    .     (no shield)
rPois  .         Spirit   .     (no helmet)
rElec  .         Dismiss  .     G - +2 cloak
rCorr  .         Reflect  .     (no gloves)
SustAt +         Harm     .     p - +0 pair of boots
MR     .....                    q - amulet of regeneration
Stlth  ++........               (no ring)
                                H - ring of sustain attributes

@: not resistant to hostile enchantments, unstealthy
A: hooves 2, demonic guardian 2
a: Renounce Religion


You were on level 5 of the Dungeon.
You worshipped Nemelex Xobeh.
Nemelex Xobeh was aware of your devotion.
You were very hungry.

You visited 1 branch of the dungeon, and saw 5 of its levels.

You collected 144 gold pieces.

Inventory:

Hand Weapons
 l - a +0 giant club
 s - a +2 dagger of flaming (weapon)
Missiles
 r - 24 stones (quivered)
Armour
 a - a +0 robe (worn)
 d - a +0 robe
 h - a cursed +0 ring mail
 m - a +0 helmet
 p - a +0 pair of boots (worn)
 G - a +2 cloak (worn)
Jewellery
 q - an amulet of regeneration (around neck)
 H - a ring of sustain attributes (left hand)
Scrolls
 k - 5 scrolls of remove curse
 I - 4 scrolls of identify
Potions
 g - a potion of brilliance
 o - 3 potions of curing
Books
 b - a book of Frost

   Spells                             Type                      Level
   a - Freeze                         Ice                          1
   b - Throw Frost                    Conjuration/Ice              2
   c - Ozocubu's Armour               Charms/Ice                   3
   d - Throw Icicle                   Conjuration/Ice              4
   e - Summon Ice Beast               Ice/Summoning                4
 D - a book of Death

   Spells                             Type                      Level
   a - Corpse Rot                     Necromancy                   2
   b - Sublimation of Blood           Necromancy                   2
   c - Agony                          Necromancy                   5
   d - Dispel Undead                  Necromancy                   5
   e - Excruciating Wounds            Charms/Necromancy            5
   f - Bolt of Draining               Conjuration/Necromancy       5
Miscellaneous
 e - a plain deck of destruction {drawn: 4}
 i - a plain deck of war
Comestibles
 c - a bread ration
 f - 5 meat rations
 j - a beef jerky


   Skills:
 + Level 2.0 Fighting
 + Level 0.6 Short Blades
   Level 0.8 Maces & Flails
 + Level 0.8 Armour
 + Level 5.1 Dodging
 + Level 2.0 Stealth
 + Level 4.1 Spellcasting
   Level 1.0 Conjurations
 + Level 4.0 Ice Magic
 + Level 0.6 Evocations


You had 10 spell levels left.
You knew the following spells:

 Your Spells              Type           Power        Failure   Level  Hunger
a - Freeze                Ice            ###.         2%          1    None
b - Ozocubu's Armour      Chrm/Ice       ##......     21%         3    ###....


Dungeon Overview and Level Annotations

Branches:
Dungeon (5/15)
 Temple: D:4-7

Altars:
Makhleb
Nemelex Xobeh
Vehumet
Xom


Innate Abilities, Weirdness & Mutations

You have hoof-like feet.
A demonic guardian rushes to your aid.


Message History

The hound barely misses you. The gnoll hits you with a whip!
The gnoll closely misses you. The hound bites you but does no damage.
The gnoll barely misses you. The gnoll hits you with a club.
The gnoll misses you.
You completely miss the gnoll. The hound bites you.
The gnoll barely misses you. The gnoll hits you with a club.
* * * LOW HITPOINT WARNING * * *
The hound bites you.
* * * LOW HITPOINT WARNING * * *
The gnoll barely misses you.
You closely miss the gnoll. The gnoll hits you with a whip.
* * * LOW HITPOINT WARNING * * *
The hound bites you.
* * * LOW HITPOINT WARNING * * *
The gnoll barely misses you. The gnoll closely misses you.
You closely miss the gnoll. The hound bites you.
* * * LOW HITPOINT WARNING * * *
The gnoll hits you with a whip!
You die...
Your body disappears without a glow.

.. ##......#...
##.#.###...........
..#..#............
#..............?..
#.................
#.................
#........g........
#..#..?.h@g......
####...#...g.....%..
##.........4....##...
####.....####.#.####
# .....##### #....#
.....# ##..... ######
##..... #......#
......#


You could see a hound, 3 gnolls and a friendly ice devil.

Vanquished Creatures
  The ghost of Groucho the Skirmisher, an amateur MiFi (D:4)
  A scorpion (D:4)
  2 hounds (D:4)
  2 jellies (D:3)
  A worker ant (D:4)
  2 hound skeletons (D:4)
  3 gnolls (D:4)
  5 adders
  3 worms
  2 dart slugs
  3 giant geckos
  2 orcs (D:3)
  A ball python (D:2)
  4 bats
  A giant cockroach (D:3)
  6 goblins
  7 hobgoblins
  13 jackals
  5 kobolds
  2 quokkas
  A sheep (D:3)
  3 giant newts
  7 rats
77 creatures vanquished.

Vanquished Creatures (collateral kills)
  Menkaure (D:5)
  Purgy (D:3)
  An ogre (D:4)
  A phantom (D:4)
  A howler monkey (D:4)
  A crimson imp (D:5)
  A hound (D:4)
  Terence (D:2)
  A jackal (D:4)
9 creatures vanquished.

Grand Total: 86 creatures vanquished

Notes
Turn   | Place    | Note
--------------------------------------------------------------
     0 | D:1      | Pallaptink the Demonspawn Ice Elementalist began the quest for the Orb.
     0 | D:1      | Reached XP level 1. HP: 13/13 MP: 3/3
   345 | D:1      | Reached skill level 2 in Dodging
   811 | D:1      | Gained mutation: A weak demonic guardian rushes to your aid. [demonic ancestry]
   811 | D:1      | Reached XP level 2. HP: 19/19 MP: 3/5
   874 | D:1      | Found a sparkling altar of Nemelex Xobeh.
   885 | D:1      | Became a worshipper of Nemelex Xobeh the Trickster
  1534 | D:2      | Reached XP level 3. HP: 24/24 MP: 4/6
  1924 | D:2      | Received a gift from Nemelex Xobeh
  1924 | D:2      | Noticed Terence
  1937 | D:2      | Killed Terence
  2073 | D:3      | Reached XP level 4. HP: 30/30 MP: 6/8
  2144 | D:3      | Found a radiant altar of Vehumet.
  2165 | D:3      | Noticed Purgy
  2184 | D:3      | Killed Purgy
  2184 | D:3      | Gained mutation: You have large cloven feet. [demonic ancestry]
  2184 | D:3      | Reached XP level 5. HP: 28/36 MP: 1/10
  2215 | D:3      | Found a shimmering altar of Xom.
  2229 | D:3      | Found a burning altar of Makhleb.
  2237 | D:3      | Reached skill level 3 in Dodging
  3052 | D:4      | Noticed Groucho's ghost (amateur MiFi)
  3065 | D:4      | Killed Groucho's ghost
  3065 | D:4      | Gained mutation: A demonic guardian rushes to your aid. [demonic ancestry]
  3065 | D:4      | Reached XP level 6. HP: 19/42 MP: 8/11
  3209 | D:4      | Reached skill level 1 in Fighting
  3249 | D:4      | Reached * piety under Nemelex Xobeh
  3271 | D:4      | Reached skill level 4 in Dodging
  3383 | D:4      | Learned a level 1 spell: Freeze
  3387 | D:4      | Learned a level 3 spell: Ozocubu's Armour
  3550 | D:4      | Gained mutation: You have hoof-like feet. [demonic ancestry]
  3550 | D:4      | Reached XP level 7. HP: 10/49 MP: 11/13
  3734 | D:4      | Received a gift from Nemelex Xobeh
  3935 | D:4      | You fall through a shaft!
  3935 | D:5      | Entered Level 5 of the Dungeon
  3973 | D:5      | Noticed Menkaure
  3984 | D:5      | Killed Menkaure
  3984 | D:5      | Reached skill level 5 in Dodging
  4043 | D:5      | Slain by a gnoll

Skill      XL: |  1  2  3  4  5  6  7 |
---------------+----------------------+-----
Dodging        | 2 3 4 5 |  5.1
Ice Magic      | 3 4 |  4.0
Spellcasting   | 3 4 |  4.1
Stealth        | 2 |  2.0
Fighting       | 1 2 |  2.0
Short Blades   | |  0.6
Maces & Flails | |  0.8
Armour         | |  0.8
Conjurations   | |  1.0
Evocations     | |  0.6

Action                   |  1- 3 |  4- 6 |  7- 9 || total
-------------------------+-------+-------+-------++-------
Melee: Dagger            |     6 |    92 |    53 ||   151
       Unarmed           |     2 |       |       ||     2
       Whip              |    34 |    63 |       ||    97
 Cast: Freeze            |    33 |    45 |       ||    78
Evoke: Deck              |       |     4 |       ||     4
  Use: Scroll            |     4 |     2 |       ||     6
       Potion            |     3 |     4 |     1 ||     8
  Eat: Chunk             |     4 |       |     1 ||     5
       Bread ration      |     1 |       |       ||     1
Armor: Robe              |     6 |   137 |    20 ||   163
       Ring mail         |    24 |       |       ||    24
       Skin              |       |     5 |       ||     5
Dodge: Dodged            |    37 |   312 |    56 ||   405
